 Dungeon Crawl Stone Soup version 0.23.1 (webtiles) character file.

Game seed: 7650009757334545017

170192 Kirua the Severer (level 17, -1/156 HPs)
             Began as a Minotaur Berserker on Mar 16, 2019.
             Was a High Priest of Trog.
             Slain by Witt's ghost (20 damage)
             ... on level 3 of the Shoals on Mar 17, 2019.
             The game lasted 04:28:08 (38152 turns).

Kirua the Severer (Minotaur Berserker)             Turns: 38152, Time: 04:28:20

Health: -1/156     AC: 24    Str: 29    XL:     17   Next: 36%
Magic:  6/6        EV: 14    Int:  4    God:    Trog [*****.]
Gold:   2143       SH:  9    Dex:  8    Spells: 16/16 levels left

rFire    + . .     SeeInvis .   Y - +3 broad axe (antimagic)
rCold    + + +     Gourm    .   V - +2 buckler {rC+}
rNeg     . . .     Faith    +   x - +4 chain mail {rPois}
rPois    +         Spirit   .   b - +2 hat {MR+}
rElec    .         Reflect  .   l - scarf {rC+ rF+}
rCorr    .         Harm     .   P - +0 pair of gloves
MR       +++++                  z - +1 pair of boots
Stlth    ..........             A - amulet of faith
HPRegen  1.36/turn              k - ring of protection from magic
MPRegen  0.10/turn              y - ring of protection from cold

@: berserk cooldown, regenerating, very slow
A: retaliatory headbutt, horns 2, clumsy 1, low mp 1
a: Berserk, Trog's Hand, Brothers in Arms, Renounce Religion


You were on level 3 of the Shoals.
You worshipped Trog.
Trog was extremely pleased with you.
You were hungry.

You visited 5 branches of the dungeon, and saw 27 of its levels.
You also visited: Ice Cave and Volcano.

You collected 3327 gold pieces.
You spent 1184 gold pieces at shops.

Inventory:

Hand Weapons
 Y - a +3 antimagic broad axe (weapon)
Missiles
 f - 9 poisoned javelins
 O - 50 tomahawks (quivered)
Armour
 b - a +2 hat of magic resistance (worn)
 l - a scarf of resistance (worn)
 x - a +4 chain mail of poison resistance (worn)
 z - a +1 pair of boots (worn)
 P - a +0 pair of gloves (worn)
 V - a +2 buckler of cold resistance (worn)
Jewellery
 e - an uncursed ring of protection from fire
 g - an uncursed ring of poison resistance
 k - a ring of protection from magic (left hand)
 y - a ring of protection from cold (right hand)
 A - an amulet of faith (around neck)
 B - an uncursed ring of resist corrosion
 E - a +5 amulet of reflection
Wands
 n - a wand of scattershot (5)
 u - a wand of iceblast (38)
 N - a wand of acid (10)
 Q - a wand of flame (8)
 R - a wand of disintegration (9)
Scrolls
 a - 2 scrolls of identify
 j - 3 scrolls of noise
 p - a scroll of fog
 q - 2 scrolls of enchant armour
 r - a scroll of magic mapping
 v - 14 scrolls of remove curse
 G - 11 scrolls of teleportation
 M - 3 scrolls of summoning
Potions
 o - 7 potions of might
 s - 12 potions of curing
 t - 3 potions of mutation
 C - 3 potions of cancellation
 H - 7 potions of flight
 K - 10 potions of berserk rage
 L - 10 potions of haste
 U - 5 potions of resistance
 X - a potion of agility
Miscellaneous
 J - a lamp of fire
Comestibles
 c - 35 rations
 d - 2 chunks of flesh


   Skills:
 + Level 15.6 Fighting
 - Level 19.3 Axes
 + Level 15.5 Armour
 + Level 12.5 Dodging
 * Level 13.5 Shields
 + Level 6.8 Evocations


You had 16 spell levels left.
You didn't know any spells.
Your spell library contained the following spells:

 Spells                   Type           Power        Failure   Level  Hunger
 Animate Skeleton         Necr           N/A          88%         1    ##.....
 Apportation              Tloc           #.....       88%         1    ##.....
 Confusing Touch          Hex            #.....       88%         1    ##.....
 Summon Small Mammal      Summ           #...         88%         1    ##.....


Dungeon Overview and Level Annotations

Branches:
Dungeon (15/15)            Temple (1/1) D:5            Lair (6/6) D:8
 Shoals (3/4) Lair:4       Spider (0/4) Lair:4        Slime (0/5) Lair:5
    Orc (2/2) D:9             Elf (0/3) Orc:2        Vaults (0/5) D:13
 Depths (0/5) D:15

Altars:
Ashenzari
Cheibriados
Dithmenos
Elyvilon
Fedhas
Gozag
Hepliaklqana
Kikubaaqudgha
Makhleb
Nemelex Xobeh
Okawaru
Qazlal
Ru
Sif Muna
Trog
Uskayaw
Vehumet
Wu Jian
Xom
Yredelemnul
Zin
The Shining One
Beogh

Shops:
D:10 :   Orc:2 !%=[

Annotations:
Lair:3 2 transporters, Hylith's ghost, journeyman GnFi
Lair:4 1 runed translucent door, Wairalebb's ghost, journeyman BaFi
Shoals:1 2 transporters, Lianjan's ghost, adept MiGl
Shoals:3 Witt's ghost, adept GrFi
Orc:1 2 transporters


Innate Abilities, Weirdness & Mutations

You reflexively headbutt those who attack you in melee.
You have a pair of horns on your head.
You are clumsy. (Dex -2)
Your magical capacity is low. (-10% MP)


Message History

The Ice Fiend gestures at you.
The bolt of cold hits you but does no damage.
Okay, then.
Aiming: Corrosive Bolt
Press: ? - help, Shift-Dir - straight line, f/p - Ice Fiend
Aim: an Ice Fiend (water, almost dead, durably summoned)
The bolt of acid hits the Ice Fiend!
The Ice Fiend is splashed with acid!
The acid corrodes the Ice Fiend!
You kill the Ice Fiend!
That felt strangely unrewarding.
You are engulfed in freezing vapours.
You resist.
* * * LOW HITPOINT WARNING * * *
You feel better.
As you read the scroll of fear, it crumbles to dust.
You assume a fearsome visage.
Witt's ghost is unaffected.
You feel yourself speed up. Witt's ghost hits you.
* * * LOW HITPOINT WARNING * * *
You are electrocuted!!
You die...

≈≈≈≈≈≈§§≈§≈≈...^#§§^..#≈≈≈≈.##≈≈≈
≈≈≈≈≈≈≈≈≈≈≈≈^.^.#.^.#.#..≈≈...≈≈≈
≈≈≈≈≈≈≈≈≈≈≈≈≈≈..#⌠.^.⌠##..≈≈≈≈≈≈≈
≈≈≈≈≈≈≈≈k≈≈≈≈^.#########.≈..≈≈≈≈
≈≈≈≈≈≈≈≈≈≈≈≈≈≈≈......####.)..≈≈≈
≈≈≈≈≈≈≈≈≈≈≈≈≈≈≈≈.....#.......≈≈≈
≈≈≈≈≈≈≈≈≈≈≈≈≈≈≈≈..........≈≈..≈≈
≈≈≈≈≈≈≈≈≈≈≈≈≈≈W≈≈....###...≈≈≈≈≈
≈≈≈≈≈≈≈≈≈≈≈≈≈≈≈@≈≈....##...≈≈≈≈≈
≈≈≈≈≈≈≈≈≈≈≈≈≈≈≈≈≈......≈≈≈≈≈
≈≈≈≈≈≈≈≈≈≈≈≈≈≈.≈≈≈≈....≈≈≈≈≈
≈≈≈≈≈≈≈≈≈≈≈≈≈≈≈≈≈≈≈.≈.≈≈≈≈≈≈
≈≈≈≈≈≈≈≈≈≈≈≈≈≈≈≈≈≈≈≈..≈≈≈≈≈≈
≈≈≈≈≈≈≈≈≈≈≈≈≈≈≈...≈≈≈≈≈≈
≈≈≈≈≈≈≈≈≈≈≈≈≈≈≈...≈≈≈≈≈≈
≈≈≈≈≈≈≈≈≈≈≈≈≈≈≈...≈≈≈≈≈≈
≈≈≈≈≈≈..≈.....≈≈≈≈≈≈≈≈


You could see a wind drake and Witt's ghost.

Vanquished Creatures
  Rupert (Lair:3)
  An Ice Fiend (Shoals:3)
  The ghost of Tramtrist the Cleaver, a journeyman DDFi of Makhleb (D:15)
  An orc warlord (Orc:1)
  An ettin (D:13)
  A merfolk impaler (Shoals:1)
  Josephine (D:11)
  A vault guard (D:13)
  A rakshasa (D:15)
  8 hydras
  4 catoblepae
  A merfolk aquamancer (Shoals:3)
  4 centaur warriors
  3 ogre magi
  14 two-headed ogres
  The ghost of Lauz the Thaumaturge, a journeyman DEFE of Vehumet (D:12)
  11 death yaks
  2 orc high priests (Orc:2)
  Sonja (Lair:3)
  4 skeletal warriors (D:13)
  7 sea snakes
  2 deep trolls (Orc:2)
  An obsidian statue (D:15)
  2 unseen horrors
  2 wizards
  7 orc knights
  A necromancer (IceCv)
  A phantasmal warrior (D:13)
  13 harpies
  2 deep elf magi
  2 orc sorcerers
  5 cyclopes
  27 ugly things
  7 fauns (Shoals:1)
  6 manticores
  6 elephants (Lair:6)
  3 black mambas
  5 merfolk sirens
  3 water nymphs
  2 gargoyles
  An ice statue (IceCv)
  3 naga magi (D:15)
  3 rime drakes
  3 spiny frogs
  6 komodo dragons
  A kobold demonologist (D:15)
  11 freezing wraiths
  5 meliai
  11 trolls
  A queen bee (D:12)
  4 harpy zombies (Shoals:1)
  3 polar bears (Lair:5)
  7 merfolk
  3 hornets
  5 blink frogs (Lair:5)
  9 hippogriffs
  4 slime creatures (D:14)
  8 dream sheep
  3 snapping turtles
  Sigmund (D:5)
  4 shadows
  52 yaks
  A water elemental (Shoals:3)
  6 wyverns
  Eustachio (D:6)
  A hog (shapeshifter) (D:14)
  8 wraiths
  4 basilisks
  A hungry ghost (D:12)
  2 fire elementals (Volcano)
  A basilisk (shapeshifter) (D:14)
  A steam dragon (D:7)
  3 vampire mosquitoes (D:13)
  A death yak simulacrum (IceCv)
  A porcupine (Lair:3)
  An acid dragon (D:15)
  8 water moccasins
  15 orc warriors
  2 sky beasts
  A black bear (D:10)
  3 eyes of draining
  9 ice beasts
  27 ogres
  3 necrophages
  4 phantoms
  4 boggarts (Lair:5)
  A wolf (Lair:5)
  21 centaurs
  13 crocodiles
  2 hippogriff zombies (Shoals:1)
  6 big kobolds
  14 bullfrogs
  An earth elemental (Volcano)
  7 scorpions
  A wyvern skeleton (D:10)
  19 killer bees
  An elephant simulacrum (IceCv)
  3 spriggan skeletons (D:12)
  4 wights (D:13)
  5 howler monkeys
  11 crimson imps
  A bullfrog zombie (D:10)
  2 draconian simulacra (IceCv)
  2 centaur zombies
  9 hounds
  12 orc priests
  6 centaur skeletons
  13 jellies
  21 orc wizards
  3 bullfrog skeletons
  Jessica (D:3)
  3 iguanas
  2 spriggan simulacra (IceCv)
  8 worker ants
  Terence (D:3)
  A polar bear simulacrum (IceCv)
  A killer bee zombie (D:10)
  9 troll simulacra (IceCv)
  A wolf simulacrum (IceCv)
  A centaur simulacrum (IceCv)
  A hound zombie (D:11)
  A mummy (D:8)
  4 worker ant zombies
  14 gnolls
  4 naga simulacra (IceCv)
  12 adders
  2 ogre simulacra (IceCv)
  2 shadow imps
  23 white imps
  3 oozes
  An adder zombie (D:5)
  3 adder skeletons (D:4)
  4 worms
  3 dart slugs
  5 leopard geckos
  101 orcs
  2 ball pythons
  12 giant cockroaches
  8 goblins
  6 hobgoblins
  12 jackals
  14 kobolds
  7 quokkas
  5 bats
  6 frilled lizards
  A leopard gecko skeleton (D:5)
  2 quokka skeletons
  6 rats
  4 fungi
  5 plants
901 creatures vanquished.

Vanquished Creatures (collateral kills)
  A merfolk impaler (Shoals:3)
  2 merfolk aquamancers (Shoals:3)
  2 fauns (Shoals:1)
  A manticore (Shoals:3)
  A merfolk siren (Shoals:1)
  A water nymph (Shoals:3)
  A troll (Orc:2)
  A merfolk (Shoals:3)
  A meliai (D:12)
  2 snapping turtles (Shoals:3)
  10 killer bees (D:12)
23 creatures vanquished.

Vanquished Creatures (others)
  A harpy (Shoals:3)
  A dream sheep (Lair:5)
  A white imp (IceCv)
  3 bushes (Lair:1)
  8 fungi
  11 plants
25 creatures vanquished.

Grand Total: 949 creatures vanquished

Notes
Turn   | Place    | Note
-------+----------+-------------------------------------------
     0 | D:1      | Kirua the Minotaur Berserker began the quest for the Orb.
     0 | D:1      | Reached XP level 1. HP: 19/19 MP: 0/0
    28 | D:1      | Reached XP level 2. HP: 26/27 MP: 1/1
    30 | D:1      | Reached skill level 4 in Axes
   984 | D:1      | Reached XP level 3. HP: 20/33 MP: 2/2
  1681 | D:2      | Reached XP level 4. HP: 22/41 MP: 3/3
  1955 | D:2      | Reached skill level 5 in Axes
  1960 | D:2      | Found a shadowy altar of Dithmenos.
  2289 | D:2      | Found an ancient bone altar of Kikubaaqudgha.
  2507 | D:2      | Reached ** piety under Trog
  2628 | D:2      | Reached skill level 5 in Fighting
  3029 | D:3      | Reached XP level 5. HP: 47/48 MP: 4/4
  3089 | D:3      | Noticed Jessica
  3096 | D:3      | Killed Jessica
  3096 | D:3      | Reached skill level 6 in Axes
  3240 | D:3      | Reached XP level 6. HP: 37/56 MP: 5/5
  3454 | D:3      | Noticed Terence
  3460 | D:3      | Killed Terence
  3537 | D:3      | Reached skill level 7 in Axes
  3912 | D:3      | You fall through a shaft for 3 floors!
  3916 | D:5      | Entered Level 5 of the Dungeon
  4083 | D:5      | Reached *** piety under Trog
  4115 | D:5      | Reached skill level 8 in Axes
  4115 | D:5      | Reached XP level 7. HP: 40/64 MP: 6/6
  4456 | D:4      | Reached skill level 9 in Axes
  4585 | D:4      | Reached XP level 8. HP: 73/73 MP: 7/7
  5171 | D:4      | Reached skill level 10 in Axes
  5854 | D:5      | Found a staircase to the Ecumenical Temple.
  5865 | Temple   | Entered the Ecumenical Temple
  6013 | D:5      | Reached **** piety under Trog
  6039 | D:5      | Noticed Sigmund
  6046 | D:5      | Killed Sigmund
  6046 | D:5      | Reached skill level 11 in Axes
  6231 | D:6      | Noticed Eustachio
  6257 | D:6      | Killed Eustachio
  6292 | D:6      | Reached XP level 9. HP: 63/83 MP: 8/8
  6777 | D:6      | Found a deep blue altar of Sif Muna.
  6785 | D:6      | Reached skill level 12 in Axes
  7570 | D:7      | Found a glowing silver altar of Zin.
  7698 | D:7      | Found a stormy altar of Qazlal.
  7698 | D:7      | Found a sacrificial altar of Ru.
  7724 | D:7      | Found a shattered altar of Ashenzari.
  7726 | D:7      | Found a hide-covered altar of Uskayaw.
  8202 | D:8      | Found a snail-covered altar of Cheibriados.
  8224 | D:8      | Found a sparkling altar of Nemelex Xobeh.
  8654 | D:8      | Found a staircase to the Lair.
  8655 | D:8      | Noticed a komodo dragon
  8662 | D:8      | Reached skill level 1 in Shields
  8668 | D:8      | Killed a komodo dragon
  8668 | D:8      | Reached skill level 10 in Fighting
  8668 | D:8      | Reached skill level 13 in Axes
  8864 | D:8      | Reached XP level 10. HP: 93/93 MP: 9/9
  8908 | D:8      | Noticed a three-headed hydra
  9000 | D:8      | Killed a five-headed hydra
  9182 | D:9      | Reached skill level 5 in Armour
  9221 | D:9      | Reached ***** piety under Trog
  9444 | D:9      | Reached skill level 5 in Shields
  9586 | D:9      | Noticed a two-headed ogre
  9593 | D:9      | Killed a two-headed ogre
  9593 | D:9      | Reached skill level 5 in Dodging
  9680 | D:9      | Found a staircase to the Orcish Mines.
  9789 | D:9      | Found a white marble altar of Elyvilon.
  9902 | D:9      | Received a gift from Trog
  9996 | D:9      | Reached skill level 14 in Axes
  9998 | D:9      | Noticed a green ugly thing
 10007 | D:9      | Killed a green ugly thing
 10349 | D:10     | Entered Level 10 of the Dungeon
 10431 | D:10     | Reached XP level 11. HP: 96/101 MP: 10/10
 10456 | D:10     | Found Ymoheq's Book Emporium.
 11055 | D:11     | Received a gift from Trog
 11145 | D:11     | Noticed a five-headed hydra
 11151 | D:11     | Killed a seven-headed hydra
 11469 | D:11     | Noticed a cyan ugly thing
 11480 | D:11     | Killed a cyan ugly thing
 11663 | D:11     | Paralysed by a hornet for 3 turns
 11933 | D:11     | Noticed Josephine
 12009 | D:11     | Killed Josephine
 12287 | Lair:1   | Entered Level 1 of the Lair of Beasts
 12323 | Lair:1   | Noticed a four-headed hydra
 12324 | Lair:1   | Noticed a five-headed hydra
 12353 | Lair:1   | Killed an 11-headed hydra
 12478 | Lair:1   | Killed a ten-headed hydra
 12479 | Lair:1   | Noticed an eight-headed hydra
 12636 | Lair:1   | Reached skill level 15 in Axes
 12761 | Lair:1   | Got a smoking scale mail
 12794 | Lair:1   | Got a smoking ivory ring
 12986 | Lair:1   | Reached XP level 12. HP: 71/110 MP: 11/11
 13087 | Lair:1   | Killed a 14-headed hydra
 13834 | Lair:2   | Identified the ring "Voaliapae" {Fire *Corrode rElec rN+
                  | Slay+3} (You found it on level 1 of the Lair of Beasts)
 13845 | Lair:2   | Identified the +3 scale mail of the Tired Dreams {+Fly
                  | rCorr} (You found it on level 1 of the Lair of Beasts)
 14079 | Lair:2   | Reached ****** piety under Trog
 14418 | Lair:3   | Received a gift from Trog
 14419 | Lair:3   | Found a dark tunnel.
 14448 | Volcano  | Entered a volcano
 14529 | Volcano  | Reached skill level 10 in Shields
 14554 | Lair:3   | Noticed Sonja
 14616 | Lair:3   | Killed Sonja
 15207 | Lair:3   | Found a transporter.
 15210 | Lair:3   | Found a transporter.
 15210 | Lair:3   | Noticed Hylith's ghost (journeyman GnFi)
 15225 | Lair:3   | Noticed a five-headed hydra
 15226 | Lair:3   | Noticed Rupert
 15240 | Lair:3   | Killed Rupert
 15240 | Lair:3   | Reached skill level 16 in Axes
 15779 | Lair:4   | Found a staircase to the Shoals.
 16117 | Lair:4   | Found a hole to the Spider Nest.
 16208 | Lair:4   | Found a runed translucent door.
 16210 | Lair:4   | Noticed Wairalebb's ghost (journeyman BaFi)
 16210 | Lair:4   | Identified the +4 spear "Jelalliof" {vamp, rF+}
 16498 | Lair:5   | Reached XP level 13. HP: 58/119 MP: 4/12
 16716 | Lair:5   | HP: 1/119 [death yak (11)]
 17292 | Lair:5   | Reached skill level 10 in Armour
 17448 | Lair:5   | Received a gift from Trog
 18224 | Lair:5   | Found a staircase to the Slime Pits.
 18734 | Lair:6   | Entered Level 6 of the Lair of Beasts
 18815 | Lair:6   | Reached skill level 17 in Axes
 20704 | Lair:6   | Reached XP level 14. HP: 129/129 MP: 4/13
 20855 | Lair:6   | Received a gift from Trog
 21496 | Orc:1    | Entered Level 1 of the Orcish Mines
 21559 | Orc:1    | Noticed an orc warlord
 21560 | Orc:1    | Found a roughly hewn altar of Beogh.
 21560 | Orc:1    | Found a transporter.
 21591 | Orc:1    | Found a transporter.
 21897 | Orc:1    | Noticed an orc warlord
 21919 | Orc:1    | Killed an orc warlord
 22141 | Orc:2    | Entered Level 2 of the Orcish Mines
 22141 | Orc:2    | Found Toxt's Distillery.
 22178 | Orc:2    | Reached skill level 1 in Evocations
 22771 | Orc:2    | Reached skill level 18 in Axes
 22775 | Orc:2    | Reached skill level 10 in Dodging
 23039 | Orc:2    | Found Gyjaun's Food Boutique.
 23186 | Orc:2    | Received a gift from Trog
 23253 | Orc:2    | Found Vyutes's Jewellery Boutique.
 23263 | Orc:2    | Found a staircase to the Elven Halls.
 23659 | Orc:2    | Found a roughly hewn altar of Beogh.
 23676 | Orc:2    | Found Seprug's Armour Shop.
 25209 | Orc:2    | Bought an uncursed ring of protection from magic for 300
                  | gold pieces
 25216 | Orc:2    | Bought a potion of haste for 170 gold pieces
 25216 | Orc:2    | Bought a potion of curing for 51 gold pieces
 25216 | Orc:2    | Bought a potion of agility for 68 gold pieces
 25216 | Orc:2    | Bought a potion of berserk rage for 85 gold pieces
 25216 | Orc:2    | Bought a potion of might for 68 gold pieces
 25216 | Orc:2    | Bought a potion of haste for 170 gold pieces
 25216 | Orc:2    | Bought 2 potions of might for 136 gold pieces
 25216 | Orc:2    | Bought a potion of mutation for 136 gold pieces
 26414 | D:12     | Received a gift from Trog
 26423 | D:12     | HP: 4/132 [meliai/divine providence (12)]
 26910 | D:12     | Reached XP level 15. HP: 138/138 MP: 5/16
 27182 | D:12     | Found a runed translucent gate.
 27182 | D:12     | Found a runed translucent gate.
 27182 | D:12     | Found an opulent altar of Gozag.
 27182 | D:12     | Found a runed translucent gate.
 27186 | D:12     | Noticed Lauz's ghost (journeyman DEFE)
 27198 | D:12     | Killed Lauz's ghost
 27816 | D:13     | Received a gift from Trog
 27887 | D:13     | Reached XP level 16. HP: 141/146 MP: 6/18
 27969 | D:13     | Reached skill level 19 in Axes
 28764 | D:13     | Found a gate to the Vaults.
 29336 | D:14     | Received a gift from Trog
 29340 | D:14     | Found a frozen archway.
 29456 | D:14     | Got a shimmering leather armour
 29464 | IceCv    | Entered an ice cave
 29744 | IceCv    | Found an ancient bone altar of Kikubaaqudgha.
 30588 | D:14     | Reached skill level 5 in Evocations
 30940 | D:14     | Received a gift from Trog
 31044 | D:15     | Entered Level 15 of the Dungeon
 32155 | D:15     | Found a runed translucent gate.
 32155 | D:15     | Found a runed translucent gate.
 32155 | D:15     | Found a runed translucent gate.
 32155 | D:15     | Noticed Tramtrist's ghost (journeyman DDFi)
 32166 | D:15     | Killed Tramtrist's ghost
 32166 | D:15     | Reached skill level 15 in Fighting
 32372 | D:15     | Reached skill level 15 in Armour
 32479 | D:15     | Received a gift from Trog
 33494 | D:15     | Found a staircase to the Depths.
 34247 | Shoals:1 | Entered Level 1 of the Shoals
 34310 | Shoals:1 | Reached XP level 17. HP: 120/156 MP: 6/20
 35766 | Shoals:1 | Found a transporter.
 35771 | Shoals:1 | Found a transporter.
 35771 | Shoals:1 | Noticed Lianjan's ghost (adept MiGl)
 35912 | Shoals:2 | Received a gift from Trog
 36396 | Shoals:2 | Found a basalt altar of Yredelemnul.
 37746 | Shoals:3 | Found a runed translucent gate.
 37746 | Shoals:3 | Found a runed translucent gate.
 37746 | Shoals:3 | Found a runed translucent gate.
 37747 | Shoals:3 | Noticed Witt's ghost (adept GrFi)
 38120 | Shoals:3 | Gained mutation: You are clumsy. (Dex -2) [the power of
                  | Zot]
 38120 | Shoals:3 | Gained mutation: Your magical capacity is low. (-10% MP)
                  | [the power of Zot]
 38135 | Shoals:3 | Received a gift from Trog
 38136 | Shoals:3 | Noticed an Ice Fiend
 38148 | Shoals:3 | HP: 7/156 [???[the power of Zot] (5)]
 38150 | Shoals:3 | Killed an Ice Fiend
 38152 | Shoals:3 | Slain by Witt's ghost

Skill      XL: |  1  2  3  4  5  6  7  8  9 10 11 12 13 14 15 16 17 |
---------------+----------------------------------------------------+-----
Axes           | 4 5 6 8 9 11 13 14 15 16 17 18 19 | 19.3
Fighting       | 4 5 6 7 9 10 11 12 13 14 15 | 15.6
Armour         | 4 5 7 9 11 13 15 | 15.5
Dodging        | 3 5 6 8 9 10 12 | 12.5
Shields        | 2 6 9 10 12 13 | 13.5
Evocations     | 3 4 6 |  6.8

Action                   |  1- 3 |  4- 6 |  7- 9 | 10-12 | 13-15 | 16-18 || total
-------------------------+-------+-------+-------+-------+-------+-------++-------
Melee: Hand axe          |    47 |    29 |       |       |       |       ||    76
       Headbutt          |     8 |    16 |    47 |   113 |   123 |   185 ||   492
       War axe           |       |    98 |   281 |   394 |       |       ||   773
       Executioner's axe |       |       |       |   127 |   508 |   181 ||   816
       Broad axe         |       |       |       |       |    30 |   527 ||   557
Invok: Berserk           |       |     1 |     4 |    11 |    14 |     8 ||    38
       Trog's Hand       |       |       |     2 |     5 |     3 |     3 ||    13
       Brothers in Arms  |       |       |       |     1 |     2 |     4 ||     7
Evoke: Wand              |       |       |       |     3 |     2 |     2 ||     7
  Use: Scroll            |       |     1 |    17 |    14 |     9 |    11 ||    52
       Potion            |       |       |       |       |     2 |     6 ||     8
 Stab: Sleeping          |     2 |       |       |       |       |       ||     2
  Eat: Chunk             |     2 |     8 |    16 |    22 |    21 |     9 ||    78
       Ration            |       |       |     1 |     4 |    10 |    10 ||    25
Armor: Animal skin       |     9 |     2 |       |       |       |       ||    11
       Ring mail         |       |    44 |       |       |       |       ||    44
       Chain mail        |       |    12 |    84 |       |   165 |   433 ||   694
       Plate armour      |       |       |    56 |   194 |       |       ||   250
       Scale mail        |       |       |       |    71 |   109 |       ||   180
Dodge: Dodged            |    30 |   102 |   100 |   250 |   398 |   546 ||  1426
Block: Buckler           |       |       |     3 |    92 |       |   254 ||   349
